 Dungeon Crawl Stone Soup version bcrawl-1.21.3 (webtiles) character file.

Game seed: 24712061121931503

284 MisterOstroum the Chopper (level 6, 0/53 HPs)
             Began as a Gnoll Chaos Knight on Apr 4, 2020.
             Was a Plaything of Xom.
             Killed from afar by an orc wizard (8 damage)
             ... with a magic dart
             ... on level 4 of the Dungeon.
             The game lasted 00:02:59 (2419 turns).

MisterOstroum the Chopper (Gnoll Chaos Knight)      Turns: 2419, Time: 00:03:00

Health: 0/53       AC:  6    Str: 15    XL:     6   Next: 29%
Magic:  8/8        EV: 13    Int: 15    God:    Xom [.....*]
Gold:   165        SH:  0    Dex: 15    Spells: 8/8 levels left

rFire    . . .     SeeInvis .   q - +0 war axe
rCold    . . .     Gourm    .   (no shield)
rNeg     . . .     Faith    .   b - +2 leather armour
rPois    .         Spirit   .   (no helmet)
rElec    .         Reflect  .   (no cloak)
rCorr    .         Harm     .   (no gloves)
MR       +....                  k - +0 pair of boots
Stlth    ++........             (no amulet)
HPRegen  0.17/turn              i - ring of protection from magic
MPRegen  0.11/turn              (no ring)

@: swift, flying, very quick
A: distributed training, fangs 1, strong nose
a: Renounce Religion


You were on level 4 of the Dungeon.
You worshipped Xom.
You were Xom's teddy bear.
You were not hungry.

You visited 1 branch of the dungeon, and saw 4 of its levels.

You collected 165 gold pieces.

Inventory:

Hand Weapons
 a - a +0 hand axe of chaos
 q - a +0 war axe (weapon)
Missiles
 f - 505 stones (quivered)
 g - 365 arrows
Armour
 b - a +2 leather armour (worn)
 k - a +0 pair of boots (worn)
Jewellery
 i - a ring of protection from magic (left hand)
Scrolls
 c - a scroll of enchant weapon {unknown}
 d - a scroll of enchant armour {unknown}
 h - 5 scrolls of remove curse {unknown}
 l - 3 scrolls of identify {unknown}
 m - a scroll of magic mapping {unknown}
 n - a scroll of amnesia {unknown}
 p - a scroll of teleportation {unknown}
Comestibles
 e - 5 rations {!d}


   Skills:
 + Level 6.8 Fighting
 + Level 1.8 Short Blades
 + Level 1.8 Long Blades
 + Level 6.8 Axes
 + Level 1.8 Maces & Flails
 + Level 1.8 Polearms
 + Level 1.8 Staves
 + Level 1.8 Slings
 + Level 1.8 Bows
 + Level 1.8 Crossbows
 + Level 1.8 Throwing
 + Level 4.9 Armour
 + Level 3.2 Dodging
 + Level 1.8 Stealth
 + Level 1.8 Shields
 + Level 1.8 Unarmed Combat
 + Level 1.8 Spellcasting
 + Level 1.4 Conjurations
 + Level 1.4 Hexes
 + Level 1.4 Charms
 + Level 1.4 Summonings
 + Level 1.4 Necromancy
 + Level 1.4 Translocations
 + Level 1.4 Transmutations
 + Level 1.4 Fire Magic
 + Level 1.4 Ice Magic
 + Level 1.4 Air Magic
 + Level 1.4 Earth Magic
 + Level 1.4 Poison Magic
 + Level 2.0 Invocations
 + Level 1.8 Evocations


You had 8 spell levels left.
You didn't know any spells.
Your spell library was empty.

Dungeon Overview and Level Annotations

Branches:
Dungeon (4/12)
 Temple: D:4-7

Altars:
Dithmenos
Sif Muna


Innate Abilities, Weirdness & Mutations

Your experience applies equally to all skills.
You have very sharp teeth.
Your uncanny sense of smell can sniff out nearby items.


Message History

You barely miss the gnoll. Your bite misses the gnoll.
You slash the centaur skeleton! You hit the gnoll.
You barely miss the adder skeleton. You hit the orc.
You kill the orc!
You hit the orc wizard. The centaur skeleton hits you.
The orc wizard closely misses you. The gnoll hits you but does no damage.
The adder skeleton misses you. The gnoll hits you.
The centaur skeleton closely misses you.
You hit the centaur skeleton but do no damage.
The centaur skeleton is almost destroyed.
You hit the gnoll but do no damage.
You hit the orc wizard but do no damage.
You hit the adder skeleton. You slash the gnoll!
You kill the gnoll!
Your Invocations skill increases to level 2!
The orc wizard misses you. The centaur skeleton hits you.
The adder skeleton misses you.
The orc wizard casts a spell.
The orc wizard blinks!
You closely miss the gnoll. Your bite misses the gnoll.
You slash the centaur skeleton!
You destroy the centaur skeleton!
You hit the gnoll. You barely miss the adder skeleton.
You hit the orc wizard. "This is how I like it!"
You swap places with the orc wizard.
Some monsters swap places.
The worker ant looks rather confused.
The adder skeleton bites you. The orc wizard casts a spell at you.
The magic dart hits you!
* * * LOW HITPOINT WARNING * * *
No path to travel!
You barely miss the gnoll.
The gnoll is lightly wounded.
You barely miss the orc wizard. You hit the adder skeleton.
You destroy the adder skeleton!
The orc wizard hits you with a +0 dagger.
* * * LOW HITPOINT WARNING * * *
The gnoll barely misses you.
The worker ant wildly waves its antennae.
The orc wizard hits you with a +0 dagger.
* * * LOW HITPOINT WARNING * * *
It was a potion of flight.
You feel very buoyant.
You fly up into the air.
Xom thinks this is hilarious!
The orc wizard gestures wildly while chanting.
The orc wizard blinks!
The gnoll closely misses you.
The orc wizard hits you but does no damage.
It was a potion of curing.
You feel better. "Heh heh heh..."
You are confused.
The orc wizard looks rather confused.
The gnoll looks rather confused.
The worker ant looks rather more confused.
The gnoll barely misses you. x2; The orc wizard barely misses you.
It was a potion of ambrosia.
You are more confused.
You feel invigorated.
Xom roars with laughter!
The gnoll closely misses you. The gnoll hits you but does no damage.
The orc wizard completely misses you.
The orc wizard hits the gnoll with a +0 dagger.
The orc wizard closely misses you.
You hit the orc wizard but do no damage.
You hit the gnoll.
You feel less invigorated.
The orc wizard hits you with a +4 dagger.
The gnoll closely misses you. The orc wizard closely misses you.
You hit the orc wizard.
The orc wizard is moderately wounded.
You slash the gnoll!
You kill the gnoll!
The orc wizard misses you.
The orc wizard hits you but does no damage.
The orc wizard closely misses you.
You bump into the rock wall.
The orc wizard hits you with a +4 dagger.
You bump into the rock wall.
The orc wizard hits you with a +4 dagger.
The orc wizard closely misses you.
You bump into the rock wall. "Here."
Something appears at your feet!
You are now Xom's teddy bear.
The orc wizard gestures at you while chanting.
The magic dart hits you!
* * * LOW HITPOINT WARNING * * *
No path to travel!
No path to travel!
No path to travel!
You bump into the rock wall.
The orc wizard closely misses you.
The orc wizard mumbles some strange words.
The orc wizard blinks!
You bump into the rock wall.
You feel less confused.
No path to travel!
Found a stone staircase leading down.
The orc wizard points at you and mumbles some strange words.
The magic dart hits you but does no damage.
The orc wizard hits the orc wizard with a +0 dagger.
The orc wizard casts a spell at you. The magic dart hits you!
You die...

.........))........l#
...).....[..........#
........oog.........#
........)...........#
...###..###...###..
.. ##..###...# ..
#...........
#...........
#.@.........
#..........
+..........
#.>........
###..##.### ..# +#
... ....


You could see an orc wizard.

Vanquished Creatures
  A howler monkey (D:3)
  A hound (D:4)
  A centaur skeleton (D:4)
  An orc wizard (D:3)
  A worker ant (D:2)
  3 gnolls (D:4)
  3 adders
  A shadow imp (D:3)
  An ooze (D:3)
  An adder skeleton (D:4)
  A worm (D:2)
  A dart slug (D:1)
  2 leopard geckos
  6 orcs
  2 ball pythons
  A giant cockroach (D:1)
  4 goblins
  5 hobgoblins
  A jackal (D:1)
  2 quokkas
  4 bats
  5 frilled lizards
  9 kobolds
  7 rats
64 creatures vanquished.

Notes
Turn   | Place    | Note
-------+----------+-------------------------------------------
     0 | D:1      | MisterOstroum the Gnoll Chaos Knight began the quest for
                  | the Orb.
     0 | D:1      | Reached XP level 1. HP: 23/23 MP: 1/1
    73 | D:1      | Reached XP level 2. HP: 29/29 MP: 2/2
   412 | D:1      | Reached XP level 3. HP: 33/35 MP: 3/3
   838 | D:2      | Reached skill level 1 in Short Blades
   838 | D:2      | Reached skill level 1 in Long Blades
   838 | D:2      | Reached skill level 1 in Maces & Flails
   838 | D:2      | Reached skill level 1 in Polearms
   838 | D:2      | Reached skill level 1 in Staves
   838 | D:2      | Reached skill level 1 in Slings
   838 | D:2      | Reached skill level 1 in Bows
   838 | D:2      | Reached skill level 1 in Crossbows
   838 | D:2      | Reached skill level 1 in Throwing
   838 | D:2      | Reached skill level 1 in Stealth
   838 | D:2      | Reached skill level 1 in Shields
   838 | D:2      | Reached skill level 1 in Unarmed Combat
   838 | D:2      | Reached skill level 1 in Spellcasting
   838 | D:2      | Reached skill level 1 in Invocations
   838 | D:2      | Reached skill level 1 in Evocations
   841 | D:2      | Reached XP level 4. HP: 27/41 MP: 3/5
   999 | D:2      | XOM: harmless Tloc miscast
  1126 | D:2      | Found a shimmering blue altar of Sif Muna.
  1392 | D:2      | XOM: harmless Necr miscast
  1573 | D:3      | XOM: confuse monster(s)
  1592 | D:3      | Reached skill level 1 in Conjurations
  1592 | D:3      | Reached skill level 1 in Hexes
  1592 | D:3      | Reached skill level 1 in Charms
  1592 | D:3      | Reached skill level 1 in Summonings
  1592 | D:3      | Reached skill level 1 in Necromancy
  1592 | D:3      | Reached skill level 1 in Translocations
  1592 | D:3      | Reached skill level 1 in Transmutations
  1592 | D:3      | Reached skill level 1 in Fire Magic
  1592 | D:3      | Reached skill level 1 in Ice Magic
  1592 | D:3      | Reached skill level 1 in Air Magic
  1592 | D:3      | Reached skill level 1 in Earth Magic
  1592 | D:3      | Reached skill level 1 in Poison Magic
  1843 | D:3      | XOM: noise
  1849 | D:3      | Reached XP level 5. HP: 29/47 MP: 6/6
  1897 | D:3      | XOM: divination: magic mapping
  2111 | D:3      | XOM: mild Air miscast
  2141 | D:3      | Found a shadowy altar of Dithmenos.
  2397 | D:4      | Reached XP level 6. HP: 27/53 MP: 8/8
  2400 | D:4      | XOM: swap monsters
  2403 | D:4      | XOM: confusion (+ monsters)
  2412 | D:4      | XOM: god gift: whip {god gift}
  2419 | D:4      | Killed from afar by an orc wizard

Skill      XL: |  1  2  3  4  5  6 |
---------------+-------------------+-----
Short Blades   | 1 |  1.8
Long Blades    | 1 |  1.8
Maces & Flails | 1 |  1.8
Polearms       | 1 |  1.8
Staves         | 1 |  1.8
Slings         | 1 |  1.8
Bows           | 1 |  1.8
Crossbows      | 1 |  1.8
Throwing       | 1 |  1.8
Stealth        | 1 |  1.8
Shields        | 1 |  1.8
Unarmed Combat | 1 |  1.8
Spellcasting   | 1 |  1.8
Invocations    | 1 2 |  2.0
Evocations     | 1 |  1.8
Conjurations   | 1 |  1.4
Hexes          | 1 |  1.4
Charms         | 1 |  1.4
Summonings     | 1 |  1.4
Necromancy     | 1 |  1.4
Translocations | 1 |  1.4
Transmutations | 1 |  1.4
Fire Magic     | 1 |  1.4
Ice Magic      | 1 |  1.4
Air Magic      | 1 |  1.4
Earth Magic    | 1 |  1.4
Poison Magic   | 1 |  1.4
Dodging        | 3 |  3.2
Fighting       | |  6.8
Axes           | |  6.8
Armour         | |  4.9

Action                   |  1- 3 |  4- 6 || total
-------------------------+-------+-------++-------
Melee: Hand axe          |    76 |    62 ||   138
       Bite              |    10 |     9 ||    19
       War axe           |       |    25 ||    25
  Use: Potion            |       |     3 ||     3
 Stab: Confused          |     1 |     2 ||     3
       Sleeping          |     1 |     1 ||     2
       Paralysed         |     1 |       ||     1
  Eat: Chunk             |       |     5 ||     5
Armor: Leather armour    |    20 |    27 ||    47
Dodge: Dodged            |    40 |    79 ||   119
